 Dungeon Crawl Stone Soup version 0.16-a0-4024-g0ecf4ac (webtiles) character file.

425 vatarom the Magician (level 6, -2/45 HPs)
             Began as a Draconian Conjurer on Jan 23, 2015.
             Was a Follower of Vehumet.
             Slain by an ogre
             ... wielding a +0 giant spiked club
              (20 damage)
             ... on level 5 of the Dungeon on Feb 18, 2015.
             The game lasted 00:16:57 (6228 turns).

vatarom the Magician (Draconian Conjurer)           Turns: 6228, Time: 00:16:57

Health: -2/45      AC:  9    Str: 10    XL:     6   Next: 64%
Magic:  14/18      EV: 12    Int: 18    God:    Vehumet [*.....]
Gold:   273        SH:  0    Dex: 11    Spells: 4 memorised, 6 levels left

rFire  . . .     SeeInvis .     o - +2 dagger (drain)
rCold  . . .     Clarity  +     (armour unavailable)
rNeg   . . .     SustAb   .     (no shield)
rPois  .         Gourm    .     (helmet restricted)
rElec  .         Spirit   .     (no cloak)
rCorr  .         Warding  .     (no gloves)
rMut   .         Stasis   .     i - +2 pair of boots
MR     .....                    a - amulet of clarity
Stlth  +.........               (no ring)
                                (no ring)

@: drained, not resistant to hostile enchantments, very unstealthy
A: unfitting armour, cold-blooded, AC +6
a: Renounce Religion


You were on level 5 of the Dungeon.
You worshipped Vehumet.
Vehumet was aware of your devotion.
You were full.

You visited 2 branches of the dungeon, and saw 6 of its levels.

You collected 273 gold pieces.

Inventory:

Hand weapons
 d - a +3 dagger
 n - a +0 quarterstaff
 o - a +2 dagger of draining (weapon)
Armour
 i - a +2 pair of boots (worn)
Magical staves
 r - an uncursed staff of earth
Jewellery
 a - an amulet of clarity (around neck)
Magical devices
 q - a wand of slowing (21)
Scrolls
 e - 5 scrolls of remove curse
 k - 7 scrolls of identify
 m - a scroll of teleportation
Potions
 g - a potion of curing
 l - a potion of cancellation
 p - 2 potions of resistance
Books
 c - a book of Conjurations

   Spells                             Type                      Level
   a - Magic Dart                     Conjuration                  1
   b - Searing Ray                    Conjuration                  2
   c - Dazzling Spray                 Conjuration/Hexes            3
   d - Fulminant Prism                Conjuration/Hexes            4
   e - Iskenderun's Mystic Blast      Conjuration                  4
   f - Iskenderun's Battlesphere      Conjuration/Charms           5
Comestibles
 b - 2 bread rations
 f - a slice of pizza
 h - 6 meat rations
 j - 3 fruits


   Skills:
 - Level 1.7(1.2) Dodging
 - Level 1.7(1.2) Stealth
 - Level 5.6(5.0) Spellcasting
 + Level 5.5(4.9) Conjurations


You had 6 spell levels left.
You knew the following spells:

 Your Spells              Type           Power        Failure   Level  Hunger
a - Magic Dart            Conj           ###.         1%          1    None
b - Searing Ray           Conj           ###...       2%          2    #......
c - Dazzling Spray        Conj/Hex       ##......     17%         3    ##.....
d - Iskenderun's Mystic   Conj           ###.....     21%         4    ####...


Dungeon Overview and Level Annotations

Branches:
Dungeon (5/15)             Temple (1/1) D:4

Altars:
Dithmenos
Elyvilon
Fedhas
Gozag
Kikubaaqudgha
Makhleb
Nemelex Xobeh
Okawaru
Qazlal
Ru
Vehumet
Xom
Yredelemnul
Zin
The Shining One


Innate Abilities, Weirdness & Mutations

Your plain brown scales are hard (AC +6).
Your body does not fit into most forms of armour.
Your cold-blooded metabolism reacts poorly to cold.


Message History

The crimson imp is heavily wounded.
The crimson imp is dazzled.
The spray of energy hits the ogre.
The ogre is moderately wounded.
The crimson imp barely misses you.
Things that are here:
a sharpened iron wand; 2 puce potions; the felid corpse of Natasha
There is a stone staircase leading down here.
The crimson imp is no longer blind.
A hound comes into view.
Casting: Dazzling Spray
Confirm with . or Enter, or press ? or * to list all spells.
Aiming: Dazzling Spray
Press: ? - help, Shift-Dir - straight line, f/p - crimson imp
Aim: a crimson imp The spray of energy hits the ogre.
The ogre is heavily wounded.
The hound barks!
The hound pauses to sniff the ground.
The ogre hits you with a giant spiked club!!
You die...

# ..## #..#
##.### #....#
#..# ##..##
##...... #..#
##..## .......#
#..# ##..#
..P.P..# ##..#
##.### ).._..#
#.h## ##..#
..P.P.# ##.##
##.. ......#
###.## ###
.####[## #.@##
..# #.### ##O##
#..# #...#####.5#
#..###.....##..##
#.....[....#>..##
##........../...#
###............#
######.).....#
#......##


You could see an ogre, a hound and a crimson imp.

Vanquished Creatures
  A crimson imp (D:5)
  A hound (D:5)
  2 orc priests
  An iguana (D:4)
  A giant frog skeleton (D:4)
  Natasha (thrice) (D:5)
  3 orc wizards
  A worker ant (D:4)
  A statue (D:4)
  Ijyb (D:2)
  A hound skeleton (D:4)
  4 adders
  A shadow imp (D:4)
  An adder skeleton (D:5)
  2 giant geckos
  An ooze (D:1)
  12 orcs
  7 goblins
  8 hobgoblins
  8 kobolds
  2 quokkas
  A ball python (D:1)
  5 bats
  5 giant cockroaches
  11 rats
84 creatures vanquished.

Notes
Turn   | Place    | Note
--------------------------------------------------------------
     0 | D:1      | vatarom, the Draconian Conjurer, began the quest for the Orb.
     0 | D:1      | Reached XP level 1. HP: 14/14 MP: 3/3
   491 | D:1      | Reached XP level 2. HP: 18/20 MP: 0/5
  1301 | D:2      | Noticed Ijyb
  1325 | D:2      | HP: 1/20 [Ijyb/club (7)]
  1329 | D:2      | Killed Ijyb
  1329 | D:2      | Reached XP level 3. HP: 1/26 MP: 1/8
  1756 | D:2      | Learned a level 2 spell: Searing Ray
  1760 | D:2      | Learned a level 3 spell: Dazzling Spray
  2359 | D:3      | Found an opulent altar of Gozag.
  2359 | D:3      | Found a glowing silver altar of Zin.
  2503 | D:3      | Found an iron altar of Okawaru.
  2830 | D:3      | Reached XP level 4. HP: 19/33 MP: 2/11
  3387 | D:4      | Reached skill level 5 in Spellcasting
  3387 | D:4      | Reached XP level 5. HP: 14/38 MP: 10/15
  3653 | D:4      | Found a staircase to the Ecumenical Temple.
  3670 | D:4      | Noticed a phantom
  3670 | Temple   | Entered the Ecumenical Temple
  3886 | D:4      | Upgraded the game from 0.16-a0-3758-g7fc8210 to 0.16-a0-4024-g0ecf4ac
  4274 | D:4      | Found a radiant altar of Vehumet.
  4274 | D:4      | Noticed a charred statue
  4309 | D:4      | Became a worshipper of Vehumet
  4645 | D:4      | Killed a charred statue
  5039 | D:4      | Learned a level 4 spell: Iskenderun's Mystic Blast
  5176 | D:4      | Reached XP level 6. HP: 45/45 MP: 16/18
  5475 | D:5      | Entered Level 5 of the Dungeon
  5619 | D:5      | Found a basalt altar of Yredelemnul.
  5655 | D:5      | Reached skill level 5 in Conjurations
  5879 | D:5      | Noticed Natasha
  5888 | D:5      | Killed Natasha
  5942 | D:5      | Noticed Natasha
  5958 | D:5      | Killed Natasha
  5958 | D:5      | Acquired Vehumet's first power
  5958 | D:5      | Offered knowledge of Sting by Vehumet.
  6142 | D:5      | Noticed Natasha
  6151 | D:5      | Killed Natasha
  6228 | D:5      | Slain by an ogre

Action                   |  1- 3 |  4- 6 || total
-------------------------+-------+-------++-------
Melee: Unarmed           |    19 |       ||    19
       Dagger            |   130 |   238 ||   368
       Quarterstaff      |       |    15 ||    15
 Cast: Magic Dart        |    32 |    14 ||    46
       Searing Ray       |     2 |     7 ||     9
       Dazzling Spray    |     1 |     9 ||    10
       Iskenderun's Myst |       |     3 ||     3
Evoke: Wand              |       |     2 ||     2
  Use: Potion            |     7 |     7 ||    14
       Scroll            |     5 |     6 ||    11
 Stab: Invisible         |       |     1 ||     1
  Eat: Chunk             |     1 |       ||     1
       Bread ration      |     2 |     3 ||     5
